 Dungeon Crawl Stone Soup version 0.32-a0-711-g016ad74 (webtiles) character file.

Game seed: 5216460322015204638

5238 PidgeyThePirate the Skirmisher (level 10, -7/77 HPs)
             Began as a Coglin Hunter on Mar 15, 2024.
             Was an Initiate of Uskayaw.
             Mangled by a two-headed ogre
             ... wielding a +0 giant club
              (11 damage)
             ... on level 9 of the Dungeon.
             The game lasted 00:20:31 (7825 turns).

PidgeyThePirate the Skirmisher (Coglin Hunter)      Turns: 7825, Time: 00:20:32

Health: -7/77      AC: 17    Str: 14    XL:     10   Next: 61%
Magic:  7/10       EV: 11    Int:  8    God:    Uskayaw [......]
Gold:   409        SH:  0    Dex: 20    Spells: 9/9 levels left

rFire   . . .        a - +2 sling {Jingyi}
rCold   . . .        d - +0 sling {Berta}
rNeg    . . .        h - +4 ring mail
rPois   .            m - +2 helmet
rElec   .            l - +0 cloak
rCorr   .            y - +0 pair of gloves
SInv    .            (no boots)
Will    .....        (amulet unavailable)
Stlth   ++           (ring unavailable)
HPRegen 0.32/turn    (ring unavailable)
MPRegen 0.12/turn    (no gizmo)

%: no passive effects
@: revving
A: off-hand wielding, slow wielding, warmup strikes, no jewellery, iridescent
scales 1
a: Invent Gizmo, Renounce Religion


You were on level 9 of the Dungeon.
You worshipped Uskayaw.
Uskayaw was noncommittal.
You visited 2 branches of the dungeon, and saw 10 of its levels.

You collected 409 gold pieces.

Inventory:

Hand Weapons
 a - a +2 sling (weapon) {Jingyi}
 d - a +0 sling (offhand) {Berta}
Missiles
 u - a throwing net
Armour
 c - a +0 leather armour
 h - a +4 ring mail (worn)
 l - a +0 cloak (worn)
 m - a +2 helmet (worn)
 y - a +0 pair of gloves (worn)
Wands
 o - a wand of quicksilver (4)
 p - a wand of mindburst (16)
 t - a wand of digging (6)
 w - a wand of paralysis (8)
Scrolls
 b - 2 scrolls of amnesia
 e - 2 scrolls of vulnerability
 f - a scroll of fog
 i - 6 scrolls of identify
 n - 4 scrolls of enchant weapon
Potions
 g - 3 potions of curing
 k - a potion of lignification
 q - a potion of might {unknown}
 v - a potion of heal wounds {unknown}
 x - a potion of degeneration {unknown}
 z - a potion of attraction {unknown}


   Skills:
 + Level 6.9 Fighting
 + Level 11.9 Ranged Weapons
 * Level 5.1 Armour
 + Level 2.7 Dodging
 + Level 1.6 Stealth


You had 9 spell levels left.
You didn't know any spells.
Your spell library contained the following spells:

 Spells                   Type           Power      Damage    Failure   Level
 Shock                    Conj/Air       0%         1d3       63%         1
 Ensorcelled Hibernation  Hex/Ice        0%         N/A       77%         2
 Fugue of the Fallen      Necr           0%         N/A       94%         3
 Passwall                 Erth           0%         N/A       94%         3
 Swiftness                Air            0%         N/A       94%         3
 Airstrike                Air            0%         2d(0-16)  100%        4
 Anguish                  Hex/Necr       0%         N/A       100%        4


Dungeon Overview and Level Annotations

Branches:
Dungeon (9/15)             Temple (1/1) D:4            Lair (0/5) D:8
    Orc: D:9-12

Altars:
Ashenzari
Cheibriados
Dithmenos
Elyvilon
Fedhas
Gozag
Hepliaklqana
Kikubaaqudgha
Makhleb
Nemelex Xobeh
Okawaru
Ru
Sif Muna
Trog
Uskayaw
Vehumet
Wu Jian
Xom
Yredelemnul
Zin
The Shining One

Shops:
D:2 :[   D:7 (

Annotations:
D:3 3 runed translucent doors, december12's ghost, amateur BaMo


Innate Abilities, Weirdness & Mutations

You can wield a second weapon in your off-hand.
It takes a long time for you to wield or remove held weapons.
Your first few attacks do less damage.
You cannot equip rings or amulets.
You are partially covered in iridescent scales. (AC +2)


Message History

The sling bullet barely misses the two-headed ogre.
You shoot a sling bullet.
The sling bullet hits the two-headed ogre.
The two-headed ogre is lightly wounded.
You can now stomp with the beat.
You shoot a sling bullet.
The sling bullet hits the two-headed ogre but does no damage.
The two-headed ogre is lightly wounded.
You shoot a sling bullet.
The sling bullet closely misses the two-headed ogre.
The two-headed ogre barely misses you. x2
You shoot a sling bullet.
The sling bullet barely misses the two-headed ogre.
You shoot a sling bullet.
The sling bullet hits the two-headed ogre.
The two-headed ogre is lightly wounded.
The two-headed ogre hits you with a +0 giant club!!
The two-headed ogre hits you with a +0 giant spiked club!
You stomp with the beat, sending a shockwave through the revellers around you!
The two-headed ogre is moderately wounded.
You can no longer stomp with the beat.
You shoot a sling bullet.
The sling bullet hits the two-headed ogre.
The two-headed ogre is moderately wounded.
You shoot a sling bullet.
The sling bullet barely misses the two-headed ogre.
The two-headed ogre hits you with a +0 giant club!
The two-headed ogre barely misses you.
You are too injured to fight recklessly!
As you read the scroll labelled BYSIEM AGUA, it crumbles to dust.
The creatures around you are filled with an inner flame!
It was a scroll of immolation.
As you read the scroll labelled IFUDOI CISOTZ, it crumbles to dust.
It is a scroll of enchant armour.
Your +3 ring mail glows green for a moment.
The two-headed ogre hits you with a +0 giant club!!
* * * LOW HITPOINT WARNING * * *
The two-headed ogre hits you with a +0 giant spiked club!
You die...
Your body falls in perfect tune with the rhythm.

#....# #....# #....# ##
##...##### #..##...#...#
........'...#####
........#........
........O#........
........@#........
######...#......##
#>..#....[.#
..........#...#......#
.....>....#...#......#
.........#...+......+
........+...#......#
.###+##......#...#......#
.#....#....(.#...#......##


You could see a two-headed ogre (inner flame).

Vanquished Creatures
  A two-headed ogre (D:7)
  A troll (D:7)
  A hornet (D:8)
  Sigmund (D:2)
  A steam dragon (D:7)
  A vampire mosquito (D:8)
  An acid dragon (D:9)
  5 water moccasins
  A sky beast (D:6)
  4 black bears
  6 ice beasts
  A wolf (D:8)
  2 centaurs (D:9)
  3 bullfrogs
  A kobold brigand (D:8)
  A scorpion (D:5)
  4 wights (D:7)
  8 killer bees
  6 hounds
  3 jellies
  3 orc priests
  2 iguanas (D:4)
  3 sleepcaps
  10 orc wizards
  Robin (D:2)
  7 gnolls
  9 adders
  A shadow imp (D:4)
  A white imp (D:6)
  5 dart slugs
  3 ribbon worms
  30 orcs
  9 ball pythons
  5 endoplasms
  2 giant cockroaches
  10 hobgoblins
  9 jackals
  12 kobolds
  6 quokkas
  4 bats
  5 frilled lizards
  12 goblins
  A goblin skeleton (D:5)
  A goblin zombie (D:5)
  4 rats (D:1)
207 creatures vanquished.

Vanquished Creatures (others)
  An ogre (D:5)
  A bombardier beetle (D:5)
  A hound (D:5)
  An orc wizard (D:5)
  An adder (D:5)
  A shadow imp (D:5)
  A white imp (D:5)
  4 orcs (D:5)
11 creatures vanquished.

Grand Total: 218 creatures vanquished

Notes
Turn   | Place    | Note
-------+----------+-------------------------------------------
     0 | D:1      | PidgeyThePirate the Coglin Hunter began the quest for the
                  | Orb.
     0 | D:1      | Reached XP level 1. HP: 16/16 MP: 1/1
    41 | D:1      | Reached skill level 4 in Ranged Weapons
    41 | D:1      | Reached XP level 2. HP: 22/22 MP: 2/2
   293 | D:1      | Reached XP level 3. HP: 27/27 MP: 3/3
   732 | D:2      | Identified the +0 helmet of Dawn {rF+ MP-9 Int+5}
   732 | D:2      | Noticed Robin
   745 | D:2      | HP: 1/27 [Robin/goblin (1)]
   863 | D:2      | Killed Robin
   864 | D:2      | Reached XP level 4. HP: 34/34 MP: 4/4
  1066 | D:2      | Found Raad's Armour Boutique.
  1238 | D:2      | Reached skill level 5 in Ranged Weapons
  1286 | D:2      | Reached skill level 1 in Armour
  1303 | D:2      | Reached XP level 5. HP: 19/39 MP: 5/5
  1516 | D:2      | Found Zamoadui's Vocational Training.
  1875 | D:3      | Noticed Sigmund
  2055 | D:2      | Killed Sigmund
  2056 | D:2      | Reached skill level 6 in Ranged Weapons
  2056 | D:2      | Reached XP level 6. HP: 31/47 MP: 6/6
  2136 | D:3      | Noticed a water moccasin
  2150 | D:3      | Killed a water moccasin
  2297 | D:3      | Reached XP level 7. HP: 52/52 MP: 7/7
  2327 | D:3      | Found a white marble altar of Elyvilon.
  2484 | D:3      | Found a runed translucent gate.
  2484 | D:3      | Found a runed translucent gate.
  2485 | D:3      | Found a runed translucent gate.
  2487 | D:3      | Found an opulent altar of Gozag.
  2489 | D:3      | Noticed december12's ghost (amateur BaMo)
  2765 | D:4      | Found a snail-covered altar of Cheibriados.
  2864 | D:4      | Found a staircase to the Ecumenical Temple.
  2879 | Temple   | Entered the Ecumenical Temple
  2889 | Temple   | Became a worshipper of Uskayaw the Reveller
  3051 | D:4      | Reached * piety under Uskayaw
  3053 | D:4      | Reached ** piety under Uskayaw
  3054 | D:4      | Reached skill level 7 in Ranged Weapons
  3350 | D:5      | Entered Level 5 of the Dungeon
  3354 | D:5      | Found a runed translucent door.
  3354 | D:5      | Noticed a human
  3363 | D:5      | Found a basalt altar of Yredelemnul.
  3424 | D:5      | Reached *** piety under Uskayaw
  3426 | D:5      | Reached **** piety under Uskayaw
  3672 | D:5      | Reached XP level 8. HP: 60/60 MP: 8/8
  4037 | D:6      | Reached skill level 8 in Ranged Weapons
  4067 | D:6      | Reached skill level 1 in Stealth
  4351 | D:6      | Reached skill level 9 in Ranged Weapons
  4823 | D:7      | Found an ornate altar of the Wu Jian Council.
  4856 | D:7      | Reached XP level 9. HP: 50/66 MP: 9/9
  4863 | D:7      | Reached ***** piety under Uskayaw
  5107 | D:7      | Found Miuseikk's Weapon Boutique.
  5132 | D:7      | Reached skill level 5 in Fighting
  5316 | D:7      | Reached skill level 10 in Ranged Weapons
  5799 | D:7      | Found a glowing golden altar of the Shining One.
  5968 | D:8      | Noticed a two-headed ogre
  5969 | D:8      | Noticed a troll
  5982 | D:7      | Killed a two-headed ogre
  5983 | D:7      | Reached skill level 11 in Ranged Weapons
  5983 | D:7      | Reached XP level 10. HP: 18/76 MP: 6/10
  6494 | D:8      | Paralysed by a hornet for 2 turns
  6499 | D:8      | Paralysed by a hornet for 3 turns
  6799 | D:8      | Found a staircase to the Lair.
  6953 | D:8      | Reached skill level 5 in Armour
  7532 | D:9      | Gained mutation: You are partially covered in iridescent
                  | scales. (AC +2) [potion of mutation]
  7799 | D:9      | Noticed a two-headed ogre
  7825 | D:9      | Mangled by a two-headed ogre

Illustrated notes

Levels and vault maps discovered:
D:1:      onia_arrival_handbag, layout_loops_cross
D:2:      layout_basic, serial_shops, shop, nicolae_shop_vocational, uniq_robin
D:3:      layout_rooms, nicolae_overflow_crystal_walls, ebering_ghost_gozag,
          uniq_sigmund
D:4:      layout_loops_ring, cheibriados_altar_1, minmay_temple_entry_junction_2
D:5:      layout_basic, dk_yredelemnul_ordeal
D:6:      layout_loops_ring, kennysheep_small_spiral
D:7:      layout_basic, nzn_wu_jian_contemplation, nicolae_tso_carved_into_rock,
          serial_shops, nicolae_shop_tiny_real_fake_doors
D:8:      layout_loops_ring, erik_lair_island, serial_glass, glass_columns_a,
          glass_columns_c, kennysheep_opposing_triangles
D:9:      layout_gridville, zombieorc2_lemuel
Temple:   lightli_temple_of_artemis

Skill      XL: |  1  2  3  4  5  6  7  8  9 10 |
---------------+-------------------------------+-----
Ranged Weapons | 4 5 6 7 9 11 | 11.9
Armour         | 1 2 3 4 5 |  5.1
Fighting       | 3 4 6 |  6.9
Dodging        | 2 |  2.7
Stealth        | 1 |  1.6

Action                     |  1- 3 |  4- 6 |  7- 9 | 10-12 || total
---------------------------+-------+-------+-------+-------++-------
  Melee: Sling             |       |       |    10 |       ||    10
   Fire: Sling             |   154 |   234 |   680 |   316 ||  1384
 Invoke: Stomp             |       |       |     1 |     5 ||     6
    Use: Scroll            |       |     4 |     6 |     2 ||    12
         Potion            |       |     1 |     1 |     3 ||     5
 Armour: Leather armour    |    19 |       |       |       ||    19
         Ring mail         |    16 |    72 |   196 |   110 ||   394
         Skin              |       |       |       |     1 ||     1
  Dodge: Dodged            |    26 |    49 |    90 |    65 ||   230

Table legend: (Time is in decaauts)
 A = Elapsed time spent in this place.
 B = Non-inter-level travel time spent in this place.
 C = Inter-level travel time spent in this place.
 D = Time resting spent in this place.
 E = Time spent auto-exploring this place.
 F = Levels seen in this place.
 G = Mean time per level.
                   A        B        C        D        E       F      G
               +--------+--------+--------+--------+--------+-----+--------+
         Total |   7906 |   7580 |    326 |      0 |   5904 |  10 |  790.6 |
       Dungeon |   7885 |   7559 |    326 |      0 |   5904 |   9 |  876.1 |
        Temple |     20 |     20 |      0 |      0 |      0 |   1 |   20.0 |
               +--------+--------+--------+--------+--------+-----+--------+

Top non-repeatable levels by time:
     D:7: 1607 daAuts
     D:2: 1259 daAuts
     D:8: 1017 daAuts
     D:1: 855 daAuts
     D:6: 786 daAuts
     D:5: 683 daAuts
     D:4: 667 daAuts
     D:3: 614 daAuts
     D:9: 395 daAuts
  Temple: 20 daAuts
